 Dungeon Crawl Stone Soup version 0.30-a0-141-g30f27751c5 (webtiles) character file.

Game seed: 2534575101328148631

68 qw the Chopper (level 4, -1/28 HPs)
             Began as a Gargoyle Fighter on Sept 25, 2022.
             Slain by an orc
             ... wielding a +1 trident of protection
              (5 damage)
             ... on level 2 of the Dungeon.
             The game lasted 00:00:25 (1058 turns).

qw the Chopper (Gargoyle Fighter)                   Turns: 1058, Time: 00:00:25

Health: -1/28      AC: 12    Str: 22    XL:     4   Next: 19%
Magic:  4/4        EV:  7    Int:  8    God:
Gold:   43         SH:  4    Dex:  9    Spells: 3/3 levels left

rFire   . . .      SeeInvis .    Y - +1 broad axe
rCold   . . .      Faith    .    c - +0 buckler
rNeg    + . .      Spirit   .    g - +0 chain mail
rPois   inf        Reflect  .    (no helmet)
rElec   +          Harm     .    (no cloak)
rCorr   .          Rampage  .    (no gloves)
Will    .....                    (no boots)
Stlth   ..........               (no amulet)
HPRegen 0.09/turn                (no ring)
MPRegen 0.09/turn                (no ring)

@: no status effects
A: sickness immunity, AC +3, negative energy resistance 1, electricity
resistance, torment resistance 1, petrification resistance
a: no special abilities


You were on level 2 of the Dungeon.
You visited 1 branch of the dungeon, and saw 2 of its levels.

You collected 43 gold pieces.


Innate Abilities, Weirdness & Mutations

You are immune to sickness and miasma.
Your stone body is resilient. (AC +3)
You are immune to poison.
You resist negative energy. (rN+)
You are resistant to electric shocks. (rElec)
You are resistant to unholy torment.
You are immune to petrification.


   Skills:
 - Level 3.2 Fighting
 + Level 3.9 Axes
 - Level 3.2 Armour
 - Level 3.2 Shields


You had 3 spell levels left.
You didn't know any spells.
Your spell library was empty.

Inventory:

Hand Weapons
 i - a +0 mace
 Y - a +1 broad axe (weapon)
Armour
 c - a +0 buckler (worn)
 g - a +0 chain mail (worn)
Scrolls
 f - a scroll of identify
Potions
 d - a potion of might

Dungeon Overview and Level Annotations

Branches:
Dungeon (2/15)

Altars:


Message History

Existing waypoints: (2) D:1 Assign waypoint to what number? (0-9, D - delete waypoint) Waypoint 1 assigned to D:2.
The orc priest invokes the aid of Beogh against you.
Beogh smites you!
Ouch! That really hurt!
The orc closely misses you.
You barely miss the orc priest. You hit the orc.
You kill the orc!
The orc priest hits you but does no damage.
You slash the orc priest!
You kill the orc priest!
You slash the hobgoblin!
You kill the hobgoblin!
You closely miss the frilled lizard. You block the orc's attack.
The frilled lizard bites you but does no damage.
The orc barely misses you. The frilled lizard bites you.
You have reached level 4!
You feel stronger.
You barely miss the orc. You slash the frilled lizard!
You kill the frilled lizard!
You hit the orc. The orc hits you with a +0 hand axe.
The orc hits you but does no damage. x2
You closely miss the orc.
The orc is heavily wounded.
You barely miss the orc. The orc barely misses you.
The orc hits you with a +0 dagger. The orc hits you but does no damage.
You barely miss the orc.
The orc is heavily wounded.
You hit the orc. The orc hits you with a +0 hand axe.
You block the orc's attack. The orc hits you but does no damage. x4
You closely miss the orc.
The orc is heavily wounded.
You barely miss the orc. The orc hits you but does no damage. x2
The orc hits you from afar with a +1 trident of protection.
You die...

#.........
##........#
#:........#
#..........
#........#
#........#
#...oo...#
#..@o....#
#<..%....#
#........#
##########


You could see 3 orcs.

Vanquished Creatures
  An orc priest (D:2)
  A dart slug (D:1)
  An orc (D:2)
  2 endoplasms (D:1)
  5 giant cockroaches (D:1)
  3 goblins (D:1)
  4 hobgoblins
  3 kobolds (D:1)
  A quokka (D:1)
  5 ball pythons (D:1)
  3 bats (D:1)
  2 frilled lizards
  2 rats (D:1)
33 creatures vanquished.

Notes
Turn   | Place    | Note
-------+----------+-------------------------------------------
     0 | D:1      | qw the Gargoyle Fighter began the quest for the Orb.
     0 | D:1      | Reached XP level 1. HP: 14/14 MP: 1/1
     0 | D:1      | 0 ||| qw: Version: 0.2-a-10-g399e6c4
     0 | D:1      | 0 ||| qw: Game counter: 255
     0 | D:1      | 0 ||| qw: Always use a shield: true
     0 | D:1      | 0 ||| qw: God list: Okawaru
     0 | D:1      | 0 ||| qw: Allow faded altars: false
     0 | D:1      | 0 ||| qw: Do Orc after D:15 true
     0 | D:1      | 0 ||| qw: Do second Lair branch before Depths: true
     0 | D:1      | 0 ||| qw: Lair rune preference: random
     0 | D:1      | 0 ||| qw: Plans: Normal, Zot:1-4, God:TSO, Crypt, Tomb,
                  | Pan, Slime:5, Hells, Abyss, Orb
     0 | D:1      | 0 ||| PLANNING D:1-11
   140 | D:1      | Reached XP level 2. HP: 14/19 MP: 2/2
   251 | D:1      | Found a faded altar of an unknown god.
   435 | D:1      | 435 ||| SWAPPING to +0 broad axe.
   436 | D:1      | 436 ||| DROPPING +0 war axe.
   437 | D:1      | 437 ||| DROPPING +0 club.
   531 | D:1      | Reached skill level 3 in Axes
   567 | D:1      | Reached XP level 3. HP: 19/23 MP: 3/3
   633 | D:1      | 633 ||| Stepping ~*~*~tactically~*~*~ (hiding).
  1026 | D:1      | 1026 ||| UPGRADING to +0 chain mail.
  1036 | D:1      | 1036 ||| DROPPING +0 scale mail.
  1037 | D:1      | 1037 ||| READING scroll labelled LEOHIQUKLU.
  1038 | D:1      | 1038 ||| READING 2 scrolls labelled SOKKABRENT.
  1055 | D:2      | Reached XP level 4. HP: 13/28 MP: 4/4
  1056 | D:2      | HP: 5/28 [orc/+0 dagger (3)]
  1058 | D:2      | Slain by an orc

Levels and vault maps discovered:
D:1:      dpeg_arrival_prison, layout_basic, basic_ecumenical_altar
D:2:      minmay_razor_zed, layout_rooms, basic_altar, st_stairs_10,
          kennysheep_generic_room_6

Skill      XL: |  1  2 |
---------------+-------+-----
Axes           | 2 3 |  3.9
Fighting       | |  3.2
Armour         | |  3.2
Shields        | |  3.2

Action                   |  1- 3 |  4- 6 || total
-------------------------+-------+-------++-------
Melee: War axe           |    35 |       ||    35
       Broad axe         |    53 |     4 ||    57
  Use: Scroll            |     2 |       ||     2
Armor: Scale mail        |    49 |       ||    49
       Chain mail        |     2 |     9 ||    11
Dodge: Dodged            |    39 |     1 ||    40
Block: Buckler           |    18 |     1 ||    19

Table legend:
 A = Non-vault XP
 B = Vault XP
 C = Vault XP percentage of total XP
 D = Non-vault monster count
 E = Vault monster count
 F = Vault count percentage of total count
                 A         B        C        D         E       F
            +---------+---------+-------+---------+---------+-------
      Total |      93 |       5 |   5.1 |      30 |       3 |   9.1
            +---------+---------+-------+---------+---------+-------
        D:1 |      46 |       5 |   9.8 |      26 |       3 |  10.3
        D:2 |      47 |       0 |   0.0 |       4 |       0 |   0.0
            +---------+---------+-------+---------+---------+-------
